 Dungeon Crawl Stone Soup version 0.27-a0-899-ge2d0b17c59 (webtiles) character file.

Game seed: 17897784064242568336

14158 snetch the Severer (level 11, 0/100 HPs)
             Began as a Minotaur Berserker on Apr 5, 2021.
             Was a High Priest of Trog.
             Slain by a large abomination (26 damage)
             ... on level 9 of the Dungeon.
             The game lasted 00:25:32 (11259 turns).

snetch the Severer (Minotaur Berserker)            Turns: 11259, Time: 00:25:32

Health: 0/100      AC: 24    Str: 28    XL:     11   Next: 85%
Magic:  10/10      EV: 11    Int: 11    God:    Trog [*****.]
Gold:   559        SH:  4    Dex:  6    Spells: 10/10 levels left

rFire    . . .     SeeInvis .   a - +0 broad axe
rCold    . . .     Faith    .   y - +0 buckler
rNeg     . . .     Spirit   .   G - +9 scale mail "Niosi" {Str+2 Int+7 Dex-3}
rPois    .         Reflect  .   V - +1 hat
rElec    .         Harm     .   (no cloak)
rCorr    .         Rampage  .   v - +0 pair of gloves {Stlth+}
Will     .....                  (no boots)
Stlth    ++........             (no amulet)
HPRegen  0.26/turn              U - +4 ring of protection
MPRegen  0.12/turn              (no ring)

@: no status effects
A: horns 2, retaliatory headbutt
a: Renounce Religion, Berserk, Trog's Hand, Brothers in Arms


You were on level 9 of the Dungeon.
You worshipped Trog.
Trog was extremely pleased with you.
You visited 2 branches of the dungeon, and saw 11 of its levels.
You visited the Abyss 1 time.

You collected 559 gold pieces.

Inventory:

Hand Weapons
 a - a +0 broad axe (weapon)
 b - a +1 hand axe of flaming
 c - a +0 trident
 d - a +0 scimitar of flaming
Missiles
 e - 118 arrows
 s - 27 bolts
 B - 48 sling bullets
 H - 11 boomerangs (quivered)
 R - 245 stones
 X - a throwing net
Armour
 g - a +2 scale mail of poison resistance
 v - a +0 pair of gloves of stealth (worn)
 y - a +0 buckler (worn)
 G - the +9 scale mail "Niosi" (worn) {Str+2 Int+7 Dex-3}
   (You found it on level 9 of the Dungeon)

   It affects your strength (+2).
   It affects your intelligence (+7).
   It affects your dexterity (-3).
 V - a +1 hat (worn)
 Y - the +1 ring mail of Noon {Rampage Drain +Inv Dex+4}
   (You found it on level 9 of the Dungeon)

   It affects your dexterity (+4).
   It lets you turn invisible.
   It drains your maximum health when unequipped.
   It bestows one free step when moving towards enemies.
Jewellery
 i - a ring of ice
 j - a ring of fire
 w - a ring of ice
 U - a +4 ring of protection (left hand)
Wands
 h - a wand of acid (9)
 t - a wand of iceblast (9)
 Q - a wand of digging (3)
 T - a wand of paralysis (6)
 Z - a wand of mindburst (14)
Scrolls
 k - 2 scrolls of enchant weapon {unknown}
 m - a scroll of immolation {unknown}
 p - 5 scrolls of teleportation {unknown}
 q - a scroll of enchant armour {unknown}
 r - a scroll of noise {unknown}
 u - 2 scrolls of magic mapping {unknown}
 C - 7 scrolls of identify {unknown}
 F - 3 scrolls of fog {unknown}
 I - a scroll of fear {unknown}
 K - a scroll of brand weapon {unknown}
 N - 2 scrolls of amnesia {unknown}
 P - a scroll of summoning {unknown}
 S - 3 scrolls of blinking {unknown}
Potions
 f - a potion of magic {unknown}
 n - 3 potions of brilliance {unknown}
 o - a potion of haste {unknown}
 x - a potion of might {unknown}
 z - a potion of mutation {unknown}
 A - 2 potions of lignification {unknown}
 D - a potion of degeneration {unknown}
 E - 2 potions of berserk rage {unknown}
 J - a potion of ambrosia {unknown}
 L - 2 potions of flight {unknown}
 M - a potion of heal wounds {unknown}
 O - a potion of cancellation {unknown}
 W - 2 potions of curing {unknown}


   Skills:
 + Level 10.2 Fighting
 + Level 15.3 Axes
 + Level 11.1 Armour
 + Level 5.7 Dodging
 + Level 3.2 Stealth
 - Level 4.0 Shields
 + Level 0.1 Evocations


You had 10 spell levels left.
You didn't know any spells.
Your spell library contained the following spells:

 Spells                   Type           Power      Damage    Failure   Level
 Animate Skeleton         Necr           0%         N/A       54%         1
 Apportation              Tloc           0%         N/A       54%         1
 Corona                   Hex            0%         N/A       54%         1
 Magic Dart               Conj           0%         1d3       54%         1
 Pain                     Necr           0%         1d4       54%         1
 Summon Small Mammal      Summ           0%         N/A       54%         1
 Blink                    Tloc           N/A        N/A       69%         2
 Call Imp                 Summ           0%         N/A       69%         2
 Ensorcelled Hibernation  Hex/Ice        0%         N/A       69%         2
 Slow                     Hex            0%         N/A       69%         2
 Confusing Touch          Hex            0%         N/A       89%         3
 Conjure Flame            Conj/Fire      0%         6-21      89%         3
 Dazzling Flash           Conj/Hex       0%         N/A       89%         3
 Gell's Gravitas          Tloc           0%         N/A       89%         3
 Mephitic Cloud           Conj/Pois/Air  0%         N/A       89%         3
 Tukima's Dance           Hex            0%         N/A       89%         3
 Vampiric Draining        Necr           0%         2d6       89%         3
 Animate Dead             Necr           0%         N/A       100%        4
 Petrify                  Tmut/Erth      0%         N/A       100%        4
 Agony                    Necr           0%         N/A       100%        5
 Borgnjor's Vile Clutch   Necr/Erth      0%         N/A       100%        5
 Lee's Rapid Deconstruct  Erth           0%         3d5*      100%        5
 Metabolic Englaciation   Hex/Ice        0%         N/A       100%        5
 Yara's Violent Unravell  Hex/Tmut       0%         3d3       100%        5
 Iron Shot                Conj/Erth      0%         9d1       100%        6


Dungeon Overview and Level Annotations

Branches:
Dungeon (10/15)            Temple (1/1) D:5             Orc (0/2) D:9
   Lair: D:8-11

Altars:
Ashenzari
Cheibriados
Dithmenos
Elyvilon
Fedhas
Gozag
Hepliaklqana
Kikubaaqudgha
Makhleb
Nemelex Xobeh
Okawaru
Qazlal
Ru
Sif Muna
Trog
Uskayaw
Vehumet
Wu Jian
Xom
Yredelemnul
Zin
The Shining One


Innate Abilities, Weirdness & Mutations

You have a pair of horns on your head.
You reflexively headbutt those who attack you in melee.


Message History

You headbutt the large abomination.
The large abomination is severely damaged.
The large abomination closely misses you.
You closely miss the large abomination.
The large abomination is severely damaged.
The large abomination hits you.
You hit the large abomination but do no damage.
You headbutt the large abomination.
The large abomination is almost destroyed.
You completely miss the large abomination.
Your headbutt misses the large abomination.
The large abomination is almost destroyed.
The large abomination misses you.
You barely miss the large abomination.
Your headbutt misses the large abomination.
The large abomination is almost destroyed.
You slash the large abomination!
You destroy the large abomination!
Trog accepts your kill.
You hit the small abomination.
The small abomination is lightly damaged.
The small abomination hits you but does no damage.
You hit the small abomination but do no damage.
The small abomination is lightly damaged.
The small abomination hits you!
* * * LOW HITPOINT WARNING * * *
You barely miss the small abomination.
The small abomination is lightly damaged.
The small abomination barely misses you.
You slash the small abomination!
Your headbutt misses the small abomination.
The small abomination is heavily damaged.
The small abomination barely misses you.
You slash the small abomination!
You destroy the small abomination!
Trog accepts your kill.
You slash the large abomination! You headbutt the large abomination.
The large abomination is moderately damaged.
The large abomination hits you!!
You die...

###.###
#........#....
#..######
###......#<...
##.#....#
#......#.... #.#..).#
#......#...# #.+....#
#......+...' ###....#
##......#...# #....#
..#......<...#
#....#X..#####.####[#
#.).@X...# #....#..
#....#...# ####.##.
###### ### #.##.
#.... #####


You could see 2 large abominations.

Vanquished Creatures
  A tentacled starspawn (Abyss:2)
  Gastronok (D:8)
  Erolcha (D:10)
  Erica (D:8)
  A two-headed ogre (D:6)
  A thrashing horror (Abyss:2)
  A golden dragon zombie (Abyss:2)
  A wizard (D:9)
  An eye of devastation (Abyss:2)
  An ancient zyme (Abyss:2)
  A troll (D:8)
  2 hornets
  3 wyverns
  Sigmund (D:3)
  8 small abominations
  3 large abominations (D:9)
  Menkaure (D:7)
  3 water moccasins
  A hornet zombie (D:7)
  4 orc warriors
  A necrophage (D:5)
  A black bear (D:6)
  5 ogres
  3 centaurs
  4 phantoms
  4 bullfrogs
  3 scorpions
  A gnoll sergeant (D:8)
  A water moccasin skeleton (D:4)
  2 troll zombies (D:9)
  10 wights
  3 centaur zombies
  2 quasits (D:6)
  2 bullfrog skeletons
  A centaur skeleton (D:7)
  3 hounds
  8 orc priests
  A gnoll shaman (D:5)
  A jelly (D:8)
  6 iguanas
  2 orc wizards
  6 ogre zombies (D:9)
  Robin (D:3)
  8 gnolls
  4 adders
  A white imp (D:6)
  An ufetubus (D:4)
  A worm (D:2)
  2 dart slugs
  31 orcs
  7 ball pythons
  8 endoplasms
  3 giant cockroaches
  19 goblins
  8 hobgoblins
  4 jackals (D:1)
  3 quokkas
  5 bats
  2 frilled lizards (D:1)
  A goblin skeleton (D:9)
  A goblin zombie (D:9)
  2 hobgoblin skeletons (D:9)
  5 hobgoblin zombies (D:9)
  6 kobolds
  2 orc skeletons (D:9)
  13 orc zombies (D:9)
  7 rats
  A starspawn tentacle (Abyss:2)
253 creatures vanquished.

Vanquished Creatures (others)
  2 starspawn tentacles (Abyss:2)
2 creatures vanquished.

Grand Total: 255 creatures vanquished

Notes
Turn   | Place    | Note
-------+----------+-------------------------------------------
     0 | D:1      | snetch the Minotaur Berserker began the quest for the Orb.
     0 | D:1      | Reached XP level 1. HP: 19/19 MP: 0/0
   388 | D:1      | Reached XP level 2. HP: 24/27 MP: 1/1
   591 | D:1      | Reached skill level 4 in Axes
   751 | D:1      | Reached ** piety under Trog
   869 | D:2      | Reached XP level 3. HP: 32/33 MP: 2/2
  1841 | D:3      | Noticed Robin
  1847 | D:3      | Killed Robin
  1848 | D:3      | Reached XP level 4. HP: 40/40 MP: 3/3
  2023 | D:2      | You fall into a shaft and drop 2 floors!
  2030 | D:4      | Reached skill level 5 in Axes
  2046 | D:4      | Noticed an ogre
  2054 | D:4      | Killed an ogre
  2055 | D:4      | Reached XP level 5. HP: 29/47 MP: 4/4
  2481 | D:3      | Noticed Sigmund
  2498 | D:3      | Killed Sigmund
  2499 | D:3      | Reached skill level 6 in Axes
  2499 | D:3      | Reached XP level 6. HP: 9/53 MP: 5/5
  3234 | D:2      | Found a faded altar of an unknown god.
  3545 | D:4      | Identified the Tome of Stones
  3553 | D:5      | Entered Level 5 of the Dungeon
  3698 | D:4      | Reached skill level 5 in Armour
  3698 | D:4      | Reached skill level 1 in Shields
  3924 | D:4      | Noticed an orc warrior
  3931 | D:4      | Killed an orc warrior
  3972 | D:4      | Reached skill level 5 in Fighting
  3972 | D:4      | Reached XP level 7. HP: 50/61 MP: 6/6
  3996 | D:4      | Reached skill level 7 in Axes
  4283 | D:4      | Reached *** piety under Trog
  5583 | D:5      | Found a staircase to the Ecumenical Temple.
  5596 | Temple   | Entered the Ecumenical Temple
  6147 | D:6      | Reached skill level 8 in Axes
  6147 | D:6      | Reached XP level 8. HP: 69/69 MP: 7/7
  6694 | D:5      | Reached skill level 1 in Stealth
  7037 | D:6      | You fall into a shaft and drop 2 floors!
  7043 | D:8      | Noticed Erica
  7058 | D:8      | Killed Erica
  7059 | D:8      | Reached skill level 9 in Axes
  7059 | D:8      | Reached XP level 9. HP: 36/78 MP: 8/8
  7393 | D:8      | Reached skill level 10 in Axes
  7939 | D:8      | Noticed Gastronok
  7959 | D:8      | Killed Gastronok
  7960 | D:8      | Reached skill level 11 in Axes
  7960 | D:8      | Reached skill level 10 in Armour
  7960 | D:8      | Reached XP level 10. HP: 29/86 MP: 9/9
  8330 | D:6      | Reached skill level 12 in Axes
  8510 | D:6      | Noticed a two-headed ogre
  8516 | D:6      | Killed a two-headed ogre
  9165 | D:7      | Noticed Menkaure
  9172 | D:7      | Killed Menkaure
  9173 | D:7      | Reached skill level 13 in Axes
  9365 | D:8      | Reached **** piety under Trog
 10100 | D:10     | Entered Level 10 of the Dungeon
 10100 | D:10     | Noticed Erolcha
 10115 | D:10     | Killed Erolcha
 10180 | D:9      | Identified the +9 scale mail "Niosi" {Str+2 Int+7 Dex-3}
 10233 | D:9      | Reached XP level 11. HP: 87/94 MP: 10/10
 10312 | D:9      | Found a staircase to the Orcish Mines.
 10338 | D:9      | Reached skill level 5 in Dodging
 10343 | D:9      | Reached ***** piety under Trog
 10395 | D:9      | Identified the +1 ring mail of Noon {Rampage Drain +Inv
                  | Dex+4}
 10649 | D:9      | Found a bloodstained altar of Trog.
 10758 | D:9      | Noticed a wizard
 10770 | D:9      | Cast into level 2 of the Abyss (a wizard)
 10865 | Abyss:2  | Noticed a thrashing horror
 10865 | Abyss:2  | Noticed a tentacled starspawn
 10882 | Abyss:2  | Killed a tentacled starspawn
 10883 | Abyss:2  | Reached skill level 14 in Axes
 10888 | Abyss:2  | Killed a thrashing horror
 10979 | D:9      | Escaped the Abyss
 10984 | D:9      | Killed a wizard
 10985 | D:9      | Reached skill level 15 in Axes
 11226 | D:9      | Reached skill level 10 in Fighting
 11259 | D:9      | Slain by a large abomination

Illustrated notes

Levels and vault maps discovered:
D:1:      dpeg_arrival_fog, layout_loops_ring
D:2:      layout_basic, basic_ecumenical_altar
D:3:      layout_rooms, uniq_sigmund, uniq_robin
D:4:      cheibrodos_barr_body, layout_loops_corners, serial_co_window_serial,
          co_window_corner_a, co_window_corner_a, co_window_corner_a,
          co_window_paths_a, co_window_paths_a, co_window_unsneaky_path_d,
          co_window_corner_cb, co_window_of_opportunity_c, co_window_4corner_a,
          co_window_paths_d, glass_columns_b, glass_columns_a,
          minmay_misc_feat_encased
D:5:      layout_gridville, minmay_temple_entry_offerings
D:6:      cheibrodos_quashed, layout_loops_ring
D:7:      layout_rooms, uniq_menkaure
D:8:      layout_loops_ring, nicolae_benzene_ring, kennysheep_cross_room,
          uniq_erica, uniq_gastronok
D:9:      layout_basic, trog_butcher_becter, zombieorc2_lemuel, laboratory
D:10:     layout_roguey, uniq_erolcha
Temple:   compressed_dpeg_triangle_lava_temple

Skill      XL: |  1  2  3  4  5  6  7  8  9 10 11 |
---------------+----------------------------------+-----
Fighting       | 4 5 6 7 8 10 | 10.2
Axes           | 4 5 6 8 9 11 13 15 | 15.3
Armour         | 3 4 5 6 8 10 11 | 11.1
Shields        | 1 2 3 4 |  4.0
Dodging        | 3 4 5 |  5.7
Stealth        | 1 3 |  3.2
Evocations     | |  0.1

Action                   |  1- 3 |  4- 6 |  7- 9 | 10-12 || total
-------------------------+-------+-------+-------+-------++-------
Melee: Hand axe          |    85 |    59 |   172 |       ||   316
       Headbutt          |    12 |    16 |    41 |    58 ||   127
       Broad axe         |       |       |    38 |   287 ||   325
Invok: Berserk           |     1 |     3 |     3 |     3 ||    10
       Trog's Hand       |       |     2 |     2 |     5 ||     9
Evoke: Wand              |       |       |       |     1 ||     1
 Stab: Sleeping          |       |       |       |     2 ||     2
Armor: Animal skin       |     3 |       |       |       ||     3
       Chain mail        |    14 |       |       |       ||    14
       Ring mail         |    12 |    16 |    10 |       ||    38
       Scale mail        |       |       |    51 |   139 ||   190
Dodge: Dodged            |    54 |    25 |    87 |   153 ||   319
Block: Buckler           |     7 |     8 |    30 |    56 ||   101

Table legend: (Time is in decaauts)
 A = Elapsed time spent in this place.
 B = Non-inter-level travel time spent in this place.
 C = Inter-level travel time spent in this place.
 D = Time resting spent in this place.
 E = Time spent auto-exploring this place.
 F = Levels seen in this place.
 G = Mean time per level.
                   A        B        C        D        E       F      G
               +--------+--------+--------+--------+--------+-----+--------+
         Total |  11366 |  11058 |    308 |    399 |   8137 |  12 |  947.2 |
       Dungeon |  10703 |  10406 |    297 |    399 |   7719 |  10 | 1070.3 |
        Temple |    459 |    448 |     11 |      0 |    278 |   1 |  459.0 |
         Abyss |    203 |    203 |      0 |      0 |    140 |   1 |  203.0 |
               +--------+--------+--------+--------+--------+-----+--------+

Top non-repeatable levels by time:
     D:4: 1898 daAuts
     D:8: 1890 daAuts
     D:1: 1210 daAuts
     D:2: 1177 daAuts
     D:5: 1139 daAuts
     D:3: 1058 daAuts
     D:9: 984 daAuts
     D:6: 783 daAuts
     D:7: 536 daAuts
  Temple: 459 daAuts
 Abyss:2: 203 daAuts
    D:10: 24 daAuts
